 Dungeon Sprint DCSS version 0.19-a0-1254-gb9c29c0 (webtiles) character file.

6256 Kidiri the Unseen (level 10, -13/52 (53) HPs)
             Began as a Spriggan Enchanter on Aug 27, 2016.
             Was a Priest of Dithmenos.
             Mangled by a deep troll (20 damage)
             ... in the Dungeon (Sprint II: "The Violet Keep of Menkaure").
             The game lasted 00:10:38 (1814 turns).

Kidiri the Unseen (Spriggan Enchanter)              Turns: 1814, Time: 00:10:38

HP:   -13/52 (53)   AC:  3    Str:  4    XL:     10   Next: 62%
MP:   14/24         EV: 34    Int: 18    God:    Dithmenos [***...]
Gold: 91            SH:  3    Dex: 26    Spells: 5 memorised, 21 levels left

rFire  . . .     SeeInvis +     a - +1 dagger
rCold  . . .     Gourm    .     b - +1 robe
rNeg   + . .     Faith    .     (shield restricted)
rPois  .         Spirit   .     (helmet restricted)
rElec  +         Dismiss  .     (no cloak)
rCorr  .         Reflect  +     (gloves unavailable)
MR     .....     Harm     .     (boots unavailable)
Stlth  +++++..... Clarity  +    i - amulet of Yliecu {Reflect rElec SH+3 SInv} NoTele +
                                (no ring)
                                k - ring "Dischoga" {rN+ MR- Dex+5 Stlth-}

@: wreathed by umbra, very quick
A: unfitting armour, see invisible, agile 1, clarity, herbivore 3, speed 3, low
mp 1, slow metabolism 2, MP-powered wands
a: Shadow Step, Renounce Religion


You were in the Dungeon.
You worshipped Dithmenos.
Dithmenos was most pleased with you.
You were not hungry.

You visited 1 branch You collected 1457 gold pieces.
You spent 1366 gold pieces at shops.

Inventory:

Hand Weapons
 a - a +1 dagger (weapon)
Armour
 b - a +1 robe (worn)
Jewellery
 i - the amulet of Yliecu (around neck) {Reflect rElec SH+3 SInv}
   (You bought it in a shop in the Dungeon)

   [amulet of reflection]

   It shields you and reflects attacks.
   It insulates you from electricity.
   It lets you see invisible.
   It affects your SH (+3).
 k - the ring "Dischoga" (left hand) {rN+ MR- Dex+5 Stlth-}
   (You bought it in a shop in the Dungeon)

   [ring of loudness]

   It affects your dexterity (+5).
   It protects you from negative energy.
   It affects your resistance to hostile enchantments.
   It makes you less stealthy.
Scrolls
 j - a scroll of blinking
 m - 2 scrolls of remove curse
 t - a scroll of amnesia
Potions
 e - 2 potions of curing
 f - 2 potions of heal wounds
 g - a potion of haste
 h - 5 potions of magic
 q - 4 potions of resistance
 x - 2 potions of lignification
 z - 3 potions of flight
Books
 c - a book of Maledictions

   Spells                             Type                      Level
   a - Corona                         Hexes                        1
   b - Ensorcelled Hibernation        Hexes/Ice                    2
   c - Confuse                        Hexes                        3
   d - Tukima's Dance                 Hexes                        3
   e - Dazzling Spray                 Conjuration/Hexes            3
Comestibles
 d - 4 bread rations
 s - 2 slices of pizza
 w - 6 fruits


   Skills:
 + Level 6.0 Fighting
 * Level 11.1 Short Blades
 + Level 5.4 Armour
 * Level 14.4 Dodging
 * Level 15.6 Stealth
 * Level 12.3 Spellcasting
 + Level 4.4 Conjurations
 + Level 9.5 Hexes
 + Level 5.0 Ice Magic
 + Level 3.8 Invocations


You had 21 spell levels left.
You knew the following spells:

 Your Spells              Type           Power        Failure   Level  Hunger
a - Corona                Hex            #####..      1%          1    None
b - Ensorcelled Hibernat  Hex/Ice        #####.       1%          2    None
c - Confuse               Hex            #####...     1%          3    None
d - Tukima's Dance        Hex            #####...     1%          3    None
e - Dazzling Spray        Conj/Hex       #####.       1%          3    None


Dungeon Overview and Level Annotations

Branches:
Dungeon (1/1)

Altars:
Cheibriados
Dithmenos
Elyvilon
Fedhas
Gozag
Hepliaklqana
Kikubaaqudgha
Makhleb
Nemelex Xobeh
Okawaru
Qazlal
Ru
Sif Muna
Trog
Uskayaw
Vehumet
Xom
Yredelemnul
Zin
The Shining One
Beogh
Jiyva
Lugonu

Shops:
D =!:!?=!([%[:}}}!

Annotations:
D exclusion: oklob plant


Innate Abilities, Weirdness & Mutations

You are tiny and cannot use many weapons and most armour.
You have supernaturally acute eyesight. (SInv)
You are a herbivore.
You cover ground extremely quickly.
You need consume almost no food.
You are agile. (Dex +2)
You possess an exceptional clarity of mind.
Your magical capacity is low. (-10% MP)
You expend magic power (3 MP) to strengthen your wands.


Message History

The deep troll looks drowsy...
Your unstable footing causes you to fumble your attack.
Your unstable footing causes you to fumble your attack.
The helpless deep troll fails to defend itself.
You stick the deep troll like a pincushion!!!!!
You kill the deep troll!
Dithmenos accepts your kill.
Your Fighting skill increases to level 6!
Your Ice Magic skill increases to level 5!
Casting: Ensorcelled Hibernation
Confirm with . or Enter, or press ? or * to list all spells.
Aiming: Dazzling Spray
Press: ? - help, Shift-Dir - straight line, f - deep troll
Aim: a deep troll (grey smoke, umbra)
The spray of energy hits the deep troll.
The deep troll is lightly wounded.
The deep troll bites you!!
* * * LOW HITPOINT WARNING * * *
The deep troll claws you!!
You die...

.####.#,k#}§▓..(...(.▓▓,⌠,*,*,+≈,
##%.+.##.#:)▓..(.....▓▓,,,*,*,+≈,
.#%.#.^.####▓(.....((▓▓,,,*,*,+≈,
.#####.^##.#▓).[....(▓▓,,,*,*,+≈,
..#..+..#..#▓(%.%.[[(▓▓,,,*,*,+≈,
..#).#^.#%.#▓.%......▓▓,⌠,*,*,*≈,
..####..##)#▓.[......▓▓,,,*,*,*≈,
....###...##▓▓▓▓▓▓▓+▓▓▓▓+▓*,***≈,
......≈≈≈≈≈≈≈≈≈≈@§≈...≈≈≈▓,,,,,,,
≈.§...≈#+########T###.≈≈≈▓,,,,,,,
≈§§§..§#....._._#§§§##≈≈≈▓,,,,,,*
≈≈≈≈≈§≈#...._._.#§§≈§####▓▓***≈**
≈≈≈≈≈§≈#..._._._#§≈§≈≈##$$#,,*≈*
≈≈§≈≈§≈#.._._._.#§≈≈§≈§#$.#,,*≈*
≈≈§≈≈≈≈#._._._._#§§§≈†§§§$+,,*≈*
≈≈###≈≈#_._._._.#§§§§§≈#$.#,,*≈*
≈≈*,#≈§#._._._..#§§§§§§▓$$#,,*≈*


You could see a deep troll.

Vanquished Creatures
  A kraken (D)
  A great orb of eyes (D)
  A deep troll (D)
  A yaktaur (D)
  3 polar bears (D)
  3 slime creatures (D)
  2 boulder beetles (D)
  4 neqoxecs (D)
  3 soldier ants (D)
  A wasp (D)
  4 necrophages (D)
  4 crocodiles (D)
  4 worker ants (D)
32 creatures vanquished.

Vanquished Creatures (others)
  Menkaure (D)
  A crocodile (D)
  20 tentacles (D)
22 creatures vanquished.

Grand Total: 54 creatures vanquished

Notes
Turn   | Place    | Note
-------+----------+-------------------------------------------
     0 | D        | Kidiri the Spriggan Enchanter began the quest for the Orb.
     0 | D        | Reached XP level 1. HP: 9/9 MP: 5/5
     1 | D        | Noticed a worker ant
     1 | D        | Noticed a worker ant
     4 | D        | Noticed a necrophage
     4 | D        | Noticed a necrophage
     4 | D        | Noticed a necrophage
     4 | D        | Noticed a necrophage
    10 | D        | Killed a necrophage
    10 | D        | Reached skill level 1 in Fighting
    10 | D        | Reached skill level 1 in Armour
    10 | D        | Reached skill level 5 in Dodging
    10 | D        | Reached skill level 7 in Stealth
    10 | D        | Reached XP level 2. HP: 14/14 MP: 5/8
    10 | D        | Reached XP level 3. HP: 17/17 MP: 6/10
    10 | D        | Reached XP level 4. HP: 22/22 MP: 6/11
    16 | D        | Killed a necrophage
    16 | D        | Reached skill level 5 in Short Blades
    16 | D        | Reached skill level 8 in Stealth
    16 | D        | Reached skill level 5 in Spellcasting
    16 | D        | Reached skill level 5 in Hexes
    16 | D        | Reached XP level 5. HP: 26/26 MP: 7/14
    24 | D        | Killed a necrophage
    24 | D        | Reached skill level 9 in Stealth
    29 | D        | Killed a necrophage
    29 | D        | Reached XP level 6. HP: 31/31 MP: 9/17
    46 | D        | Killed Menkaure
    82 | D        | Learned a level 3 spell: Confuse
    86 | D        | Learned a level 3 spell: Tukima's Dance
    90 | D        | Learned a level 2 spell: Ensorcelled Hibernation
    94 | D        | Learned a level 3 spell: Dazzling Spray
   108 | D        | Reached skill level 10 in Stealth
   320 | D        | Noticed a boulder beetle
   320 | D        | Noticed a boulder beetle
   323 | D        | Noticed a neqoxec
   323 | D        | Noticed a neqoxec
   323 | D        | Noticed a neqoxec
   323 | D        | Noticed a neqoxec
   325 | D        | Killed a neqoxec
   325 | D        | Reached skill level 1 in Conjurations
   325 | D        | Reached skill level 1 in Ice Magic
   325 | D        | Reached XP level 7. HP: 35/35 MP: 17/19
   327 | D        | Killed a neqoxec
   327 | D        | Reached skill level 10 in Dodging
   327 | D        | Reached skill level 11 in Stealth
   329 | D        | Killed a neqoxec
   334 | D        | Gained mutation: You expend magic power (3 MP) to strengthen your wands. [a neqoxec]
   338 | D        | Killed a neqoxec
   398 | D        | Killed a boulder beetle
   398 | D        | Reached skill level 12 in Stealth
   398 | D        | Reached XP level 8. HP: 41/41 MP: 19/22
   406 | D        | Killed a boulder beetle
   456 | D        | Noticed a flying skull
   456 | D        | Noticed a flying skull
   457 | D        | Noticed a flying skull
   457 | D        | Noticed a flying skull
   457 | D        | Noticed a flying skull
   457 | D        | Noticed a flying skull
   457 | D        | Noticed a flying skull
   457 | D        | Noticed a flying skull
   458 | D        | Noticed a flying skull
   458 | D        | Noticed a flying skull
   459 | D        | Found Elaimm's Gadget Shoppe.
   459 | D        | Found Eco Leth's Distillery.
   462 | D        | Noticed a flying skull
   462 | D        | Noticed a flying skull
   484 | D        | Found Wuokk's Book Emporium.
   485 | D        | Found Ybus's Food Emporium.
   485 | D        | Found Plog's Antique Armour Shoppe.
   486 | D        | Found Buawk's Antique Weapon Shoppe.
   486 | D        | Found Kohuuxut's Antique Armour Shoppe.
   487 | D        | Found Zeecelir's Distillery.
   487 | D        | Found Pemeoh's Gadget Emporium.
   487 | D        | Found Xaakucza's Jewellery Emporium.
   487 | D        | Found Utiraof's Gadget Shoppe.
   490 | D        | Found Ulaggeam's Magic Scroll Emporium.
   490 | D        | Found Bech's Distillery.
   490 | D        | Noticed an iron elemental
   490 | D        | Noticed an oklob plant
   491 | D        | Found Lopnip's Distillery.
   491 | D        | Found Cabem's Book Shoppe.
   491 | D        | Found Nyntonyo's Jewellery Emporium.
   508 | D        | Noticed a fire dragon
   529 | D        | Bought the amulet of Yliecu {Reflect rElec SH+3 SInv} for 518 gold pieces
   531 | D        | Bought the ring "Dischoga" {rN+ MR- Dex+5 Stlth-} for 300 gold pieces
   570 | D        | Found a snail-covered altar of Cheibriados.
   570 | D        | Found a roughly hewn altar of Beogh.
   571 | D        | Found a shadowy altar of Dithmenos.
   571 | D        | Found a viscous altar of Jiyva.
   572 | D        | Found a white marble altar of Elyvilon.
   572 | D        | Found an ancient bone altar of Kikubaaqudgha.
   573 | D        | Found a blossoming altar of Fedhas.
   573 | D        | Found a corrupted altar of Lugonu.
   573 | D        | Found a deep blue altar of Sif Muna.
   574 | D        | Found an opulent altar of Gozag.
   574 | D        | Found a burning altar of Makhleb.
   574 | D        | Found a bloodstained altar of Trog.
   575 | D        | Found a sparkling altar of Nemelex Xobeh.
   575 | D        | Found a hide-covered altar of Uskayaw.
   576 | D        | Found an iron altar of Okawaru.
   576 | D        | Found a radiant altar of Vehumet.
   576 | D        | Found a glowing golden altar of the Shining One.
   577 | D        | Noticed a yaktaur
   577 | D        | Noticed a polar bear
   578 | D        | Noticed a polar bear
   578 | D        | Noticed a polar bear
   579 | D        | Killed a polar bear
   580 | D        | Killed a polar bear
   580 | D        | Reached skill level 13 in Stealth
   580 | D        | Reached skill level 10 in Spellcasting
   589 | D        | Killed a yaktaur
   589 | D        | Reached XP level 9. HP: 45/45 MP: 11/24
   604 | D        | Killed a polar bear
   615 | D        | Found a glowing silver altar of Zin.
   617 | D        | Found a hazy altar of Hepliaklqana.
   617 | D        | Found a sacrificial altar of Ru.
   617 | D        | Found a basalt altar of Yredelemnul.
   618 | D        | Found a stormy altar of Qazlal.
   618 | D        | Found a shimmering altar of Xom.
   624 | D        | Became a worshipper of Dithmenos the Shadowed
   685 | D        | Noticed a great orb of eyes
   687 | D        | Killed a great orb of eyes
   687 | D        | Reached skill level 5 in Fighting
   687 | D        | Reached skill level 14 in Stealth
   687 | D        | Reached skill level 1 in Invocations
   702 | D        | Reached skill level 10 in Short Blades
   704 | D        | Reached * piety under Dithmenos
   717 | D        | Noticed a deep elf master archer
   727 | D        | Reached ** piety under Dithmenos
   732 | D        | Reached skill level 5 in Armour
   732 | D        | Reached XP level 10. HP: 13/50 MP: 21/26
   815 | D        | Noticed a death drake
   971 | D        | Noticed a kraken
  1577 | D        | Killed a kraken
  1577 | D        | Reached skill level 15 in Stealth
  1617 | D        | Reached *** piety under Dithmenos
  1634 | D        | Noticed an orange crystal statue
  1708 | D        | Bought a scroll of identify for 22 gold pieces
  1708 | D        | Bought a scroll of identify for 22 gold pieces
  1708 | D        | Bought a scroll of identify for 22 gold pieces
  1728 | D        | Bought a potion of beneficial mutation for 455 gold pieces
  1728 | D        | Gained mutation: You possess an exceptional clarity of mind. [potion of beneficial mutation]
  1733 | D        | Bought a potion of mutation for 27 gold pieces
  1733 | D        | Gained mutation: Your magical capacity is low. (-10% MP) [potion of mutation]
  1733 | D        | Gained mutation: You are agile. (Dex +2) [potion of mutation]
  1795 | D        | Noticed a deep troll
  1796 | D        | Noticed a deep troll
  1813 | D        | Killed a deep troll
  1813 | D        | Reached skill level 5 in Ice Magic
  1814 | D        | Mangled by a deep troll

Vault maps used:
D:        the_violet_keep_of_menkaure

Skill      XL: |  1  2  3  4  5  6  7  8  9 10 |
---------------+-------------------------------+-----
Fighting       | 1 2 3 4 5 6 |  6.0
Short Blades   | 3 5 6 7 8 9 10 11 | 11.1
Armour         | 1 2 3 4 5 |  5.4
Dodging        | 5 7 8 9 11 12 13 14 | 14.4
Stealth        | 7 8 9 10 12 13 14 15 | 15.6
Spellcasting   | 4 5 7 8 9 10 11 12 | 12.3
Hexes          | 4 5 6 7 8 9 |  9.5
Conjurations   | 1 2 3 4 |  4.4
Ice Magic      | 1 2 3 4 5 |  5.0
Invocations    | 2 3 |  3.8

Action                   |  1- 3 |  4- 6 |  7- 9 | 10-12 || total
-------------------------+-------+-------+-------+-------++-------
Melee: Dagger            |     4 |    28 |    36 |    16 ||    84
 Cast: Confuse           |       |     2 |     2 |       ||     4
       Ensorcelled Hiber |       |       |    14 |    15 ||    29
       Dazzling Spray    |       |       |     1 |    10 ||    11
  Use: Potion            |     1 |       |       |     2 ||     3
       Scroll            |       |       |       |    12 ||    12
 Stab: Sleeping          |       |     4 |    16 |     5 ||    25
       Confused          |       |     1 |     1 |       ||     2
       Invisible         |       |       |     1 |     2 ||     3
Dodge: Dodged            |     1 |     8 |     7 |    26 ||    42
Block: Other             |       |       |     1 |     3 ||     4
